 Dungeon Crawl Stone Soup version 0.30-a0-279-g4b46babb21 (webtiles) character file.

Game seed: 15451548448845701316

3864 gruber the Frost Mage (level 10, -4/74 HPs)
             Began as a Gnoll Ice Elementalist on Oct 16, 2022.
             Was an Initiate of Gozag.
             Shot with an arrow by a centaur (7 damage)
             ... on level 7 of the Dungeon.
             The game lasted 00:10:53 (7165 turns).

gruber the Frost Mage (Gnoll Ice Elementalist)      Turns: 7165, Time: 00:10:54

Health: -4/74      AC:  6    Str:  8    XL:     10   Next: 19%
Magic:  1/21       EV: 18    Int: 18    God:    Gozag
Gold:   694        SH:  5    Dex: 13    Spells: 10/23 levels left

rFire   . . .      SeeInvis .    w - +0 whip (flame)
rCold   . . .      Faith    .    u - +0 buckler
rNeg    + . .      Spirit   .    F - +2 robe {rN+}
rPois   +          Reflect  .    (no helmet)
rElec   .          Harm     .    x - +0 cloak
rCorr   .          Rampage  .    g - +0 pair of gloves
Will    .....                    (no boots)
Stlth   +++.......               (no amulet)
HPRegen 0.32/turn                s - +4 ring of evasion
MPRegen 0.17/turn                E - ring of poison resistance

@: gold aura, freezing walls
A: fangs 1, strong nose, distributed training
a: Renounce Religion, Potion Petition, Call Merchant, Bribe Branch


You were on level 7 of the Dungeon.
You worshipped Gozag.
Gozag was pleased with you.
You visited 2 branches of the dungeon, and saw 8 of its levels.

You collected 790 gold pieces.
You paid 96 gold pieces to Gozag.

Inventory:

Hand Weapons
 t - a +0 rapier
 w - a +0 whip of flaming (weapon)
Armour
 g - a +0 pair of gloves (worn)
 u - a +0 buckler (worn)
 x - a +0 cloak (worn)
 F - a +2 robe of positive energy (worn)
Magical Staves
 m - a staff of poison
Jewellery
 s - a +4 ring of evasion (left hand)
 A - a ring of willpower
 E - a ring of poison resistance (right hand)
Wands
 i - a wand of polymorph (13)
Scrolls
 c - 4 scrolls of enchant armour {unknown}
 d - 3 scrolls of blinking {unknown}
 e - 3 scrolls of amnesia {unknown}
 k - a scroll of noise {unknown}
 l - 4 scrolls of teleportation {unknown}
 o - a scroll of poison {unknown}
 q - 3 scrolls of identify {unknown}
 r - 3 scrolls of magic mapping {unknown}
 v - a scroll of fear {unknown}
 y - 3 scrolls of vulnerability {unknown}
 z - a scroll of brand weapon {unknown}
 D - a scroll of immolation {unknown}
Potions
 f - 4 potions of flight {unknown}
 h - 3 potions of might {unknown}
 j - a potion of brilliance {unknown}
 n - 3 potions of attraction {unknown}
 p - 2 potions of curing {unknown}
 B - a potion of ambrosia {unknown}
 C - a potion of degeneration {unknown}


   Skills:
 + Level 5.2 Fighting
 + Level 5.2 Short Blades
 + Level 5.2 Long Blades
 + Level 5.2 Axes
 + Level 5.2 Maces & Flails
 + Level 5.2 Polearms
 + Level 5.2 Staves
 + Level 5.2 Ranged Weapons
 + Level 5.2 Throwing
 + Level 5.2 Armour
 + Level 7.0 Dodging
 + Level 6.8 Stealth
 + Level 5.2 Shields
 + Level 5.2 Unarmed Combat
 + Level 7.3 Spellcasting
 + Level 4.3 Conjurations
 + Level 4.3 Hexes
 + Level 4.3 Summonings
 + Level 4.3 Necromancy
 + Level 4.3 Translocations
 + Level 4.3 Transmutations
 + Level 4.3 Fire Magic
 + Level 8.4 Ice Magic
 + Level 4.3 Air Magic
 + Level 4.3 Earth Magic
 + Level 4.3 Poison Magic
 + Level 5.7 Invocations
 + Level 5.2 Evocations


You had 10 spell levels left.
You knew the following spells:

 Your Spells              Type           Power      Damage    Failure   Level
a - Freeze                Ice            100%       1d10      1%          1
b - Frozen Ramparts       Ice            74%        1d12      1%          3
c - Ozocubu's Armour      Ice            37%        N/A       1%          3
d - Scorch                Fire           44%        2d7       3%          2
e - Summon Ice Beast      Ice/Summ       29%        N/A       10%         4

Your spell library contained the following spells:

 Spells                   Type           Power      Damage    Failure   Level
 Sandblast                Erth           44%        2d11      2%          1
 Passwall                 Tmut/Erth      18%        N/A       3%          2
 Stone Arrow              Conj/Erth      44%        3d9       7%          3
 Flame Wave               Conj/Fire      22%        2d8       22%         4
 Summon Cactus Giant      Summ           11%        N/A       98%         6


Dungeon Overview and Level Annotations

Branches:
Dungeon (7/15)             Temple (1/1) D:4

Altars:
Ashenzari
Cheibriados
Dithmenos
Elyvilon
Fedhas
Gozag
Hepliaklqana
Kikubaaqudgha
Makhleb
Nemelex Xobeh
Okawaru
Ru
Sif Muna
Trog
Uskayaw
Vehumet
Wu Jian
Xom
Yredelemnul
Zin
The Shining One

Shops:
D:2 [   D:4 *


Innate Abilities, Weirdness & Mutations

You have very sharp teeth.
Your uncanny sense of smell can sniff out nearby items.
Your experience applies equally to all skills.


Message History

Your ice beast freezes the cyclops!
The cyclops closely misses your ice beast.
Your ice beast hits the cyclops but does no damage.
Your ice beast hits the cyclops.
Your ice beast freezes the cyclops!
The cyclops hits your ice beast.
Your ice beast hits the cyclops.
Your ice beast freezes the cyclops!
The cyclops dies!
Your Dodging skill increases to level 7!
The centaur shoots an arrow.
The arrow barely misses your ice beast. The arrow hits you!
* * * LOW HITPOINT WARNING * * *
Casting: Summon Ice Beast (dangerous; 10% risk of failure)
Confirm with . or Enter, or press ? or * to list all spells.
Casting: Frozen Ramparts (safe; 1% risk of failure)
Press: ? - help, Dir - look around, f - activate The walls around you are covered in ice.
The wall freezes the centaur.
The centaur shoots an arrow.
The arrow barely misses your ice beast. The arrow hits you.
* * * LOW HITPOINT WARNING * * *
The wall freezes the centaur but does no damage.
The centaur shoots an arrow.
The arrow hits your ice beast!
Unknown command.
Unknown command.
Unknown command.
The wall freezes the centaur.
The centaur shoots an arrow.
The arrow hits your ice beast.
Unknown command.
Unknown command.
The wall freezes the centaur.
The centaur unwields a +0 shortbow.
The centaur hits your ice beast.
The centaur barely misses your ice beast.
Your ice beast hits the centaur but does no damage.
Unknown command.
The wall freezes the centaur.
The centaur wields a +0 shortbow.
The centaur shoots an arrow.
The arrow hits your ice beast.
Your ice beast dies!
Your ice beast disappears in a puff of smoke!
The wall freezes the centaur.
The centaur shoots an arrow.
The arrow hits you!
You die...
Your body crumbles into a pile of gold.

.#.... ∆ c.. ∆ #.....#
#.# #.#...# ∆#.#∆
#....C#####c#########.
#.............c.......
#............#C####.#
##.#.#.##...##$#
.....$)##...##c####.#
......$.$...#..§@...#
.!##.#####..#########
...#.... .....
.....####.....
...g.....#.....∆
...P.P... ...P♣P...
).♣PPP♣P.


++#PPPPP. You could see a centaur.

Vanquished Creatures
  Pikel (D:4)
  A manticore (D:7)
  Grinder (D:5)
  Sigmund (D:6)
  Eustachio (D:4)
  A vampire mosquito (D:7)
  Menkaure (D:5)
  2 orc warriors
  3 black bears
  A sky beast (D:6)
  2 ogres (D:5)
  2 lemures (D:4)
  Blork the orc (D:6)
  2 necrophages (D:5)
  A scorpion (D:4)
  A howler monkey (D:7)
  An orc priest (D:7)
  4 hounds
  Terence (D:3)
  2 iguanas
  Natasha (thrice) (D:3)
  3 orc wizards
  3 gnolls (D:3)
  7 adders
  2 white imps (D:5)
  An ufetubus (D:5)
  3 worms
  A dart slug (D:2)
  7 orcs
  6 endoplasms
  4 giant cockroaches (D:4)
  9 hobgoblins
  4 jackals (D:5)
  3 kobolds
  A quokka (D:3)
  4 ball pythons
  8 bats
  3 frilled lizards
  2 goblins
  2 rats
106 creatures vanquished.

Vanquished Creatures (collateral kills)
  A cyclops (D:7)
  A gargoyle (D:6)
  A centaur (D:6)
3 creatures vanquished.

Grand Total: 109 creatures vanquished

Notes
Turn   | Place    | Note
-------+----------+-------------------------------------------
     0 | D:1      | gruber the Gnoll Ice Elementalist began the quest for the
                  | Orb.
     0 | D:1      | Reached XP level 1. HP: 13/13 MP: 6/6
   178 | D:1      | Reached XP level 2. HP: 17/19 MP: 1/7
  1067 | D:2      | Found a faded altar of an unknown god.
  1247 | D:2      | Found a white marble altar of Elyvilon.
  1322 | D:2      | Reached skill level 5 in Spellcasting
  1322 | D:2      | Reached XP level 3. HP: 19/25 MP: 4/9
  1326 | D:2      | Learned a level 3 spell: Frozen Ramparts
  1330 | D:2      | Learned a level 3 spell: Ozocubu's Armour
  1333 | D:2      | Learned a level 2 spell: Scorch
  1556 | D:2      | Found Quiziqo's Armour Shop.
  2077 | D:3      | Reached skill level 1 in Invocations
  2078 | D:3      | Reached skill level 1 in Fighting
  2078 | D:3      | Reached skill level 1 in Short Blades
  2078 | D:3      | Reached skill level 1 in Long Blades
  2078 | D:3      | Reached skill level 1 in Axes
  2078 | D:3      | Reached skill level 1 in Maces & Flails
  2078 | D:3      | Reached skill level 1 in Polearms
  2078 | D:3      | Reached skill level 1 in Staves
  2078 | D:3      | Reached skill level 1 in Ranged Weapons
  2078 | D:3      | Reached skill level 1 in Throwing
  2078 | D:3      | Reached skill level 1 in Armour
  2078 | D:3      | Reached skill level 1 in Shields
  2078 | D:3      | Reached skill level 1 in Unarmed Combat
  2078 | D:3      | Reached skill level 1 in Evocations
  2217 | D:3      | Reached XP level 4. HP: 28/32 MP: 3/11
  2232 | D:3      | Reached skill level 1 in Conjurations
  2232 | D:3      | Reached skill level 1 in Hexes
  2232 | D:3      | Reached skill level 1 in Summonings
  2232 | D:3      | Reached skill level 1 in Necromancy
  2232 | D:3      | Reached skill level 1 in Translocations
  2232 | D:3      | Reached skill level 1 in Transmutations
  2232 | D:3      | Reached skill level 1 in Fire Magic
  2232 | D:3      | Reached skill level 1 in Air Magic
  2232 | D:3      | Reached skill level 1 in Earth Magic
  2232 | D:3      | Reached skill level 1 in Poison Magic
  2482 | D:3      | Noticed Natasha
  2505 | D:3      | Killed Natasha
  2506 | D:3      | Reached XP level 5. HP: 37/37 MP: 7/12
  2513 | D:3      | Learned a level 4 spell: Summon Ice Beast
  2528 | D:3      | Noticed Natasha
  2532 | D:3      | Killed Natasha
  2706 | D:3      | Noticed Terence
  2715 | D:3      | Killed Terence
  2890 | D:3      | Noticed Natasha
  2901 | D:3      | Killed Natasha
  3063 | D:4      | Reached XP level 6. HP: 44/44 MP: 4/13
  3066 | D:4      | Reached skill level 5 in Dodging
  3155 | D:4      | Noticed Eustachio
  3183 | D:4      | Killed Eustachio
  3243 | D:4      | Found a staircase to the Ecumenical Temple.
  3258 | Temple   | Entered the Ecumenical Temple
  3300 | Temple   | Became a worshipper of Gozag Ym Sagoz the Greedy
  3494 | D:4      | Noticed a black bear
  3502 | D:4      | Killed a black bear
  3503 | D:4      | Reached XP level 7. HP: 51/51 MP: 8/15
  3661 | D:4      | Found Maeremen's Overcharged Wands.
  3665 | D:4      | Noticed Pikel
  3676 | D:4      | Killed Pikel
  3677 | D:4      | Reached skill level 5 in Stealth
  3677 | D:4      | Reached XP level 8. HP: 26/58 MP: 5/17
  4122 | D:5      | Entered Level 5 of the Dungeon
  4142 | D:5      | Noticed Grinder
  4156 | D:5      | Killed Grinder
  4948 | D:5      | Noticed Menkaure
  4954 | D:5      | Killed Menkaure
  4955 | D:5      | Reached XP level 9. HP: 65/65 MP: 9/18
  5402 | D:6      | Noticed Sigmund
  5423 | D:6      | Killed Sigmund
  5424 | D:6      | Reached skill level 8 in Ice Magic
  5520 | D:6      | Noticed Blork the orc
  5531 | D:6      | Killed Blork the orc
  5913 | D:6      | Found a glowing silver altar of Zin.
  5924 | D:6      | Found a shadowy altar of Dithmenos.
  6275 | D:6      | Noticed a gargoyle
  6296 | D:6      | Killed a gargoyle
  6297 | D:6      | Reached skill level 5 in Invocations
  7075 | D:7      | Noticed a manticore
  7084 | D:7      | Killed a manticore
  7125 | D:7      | Noticed a cyclops
  7140 | D:7      | Reached skill level 5 in Fighting
  7140 | D:7      | Reached skill level 5 in Short Blades
  7140 | D:7      | Reached skill level 5 in Long Blades
  7140 | D:7      | Reached skill level 5 in Axes
  7140 | D:7      | Reached skill level 5 in Maces & Flails
  7140 | D:7      | Reached skill level 5 in Polearms
  7140 | D:7      | Reached skill level 5 in Staves
  7140 | D:7      | Reached skill level 5 in Ranged Weapons
  7140 | D:7      | Reached skill level 5 in Throwing
  7140 | D:7      | Reached skill level 5 in Armour
  7140 | D:7      | Reached skill level 5 in Shields
  7140 | D:7      | Reached skill level 5 in Unarmed Combat
  7140 | D:7      | Reached skill level 5 in Evocations
  7140 | D:7      | Reached XP level 10. HP: 8/74 MP: 16/20
  7160 | D:7      | Killed a cyclops
  7162 | D:7      | HP: 2/74 [centaur/arrow (6)]
  7165 | D:7      | Shot with an arrow by a centaur

Illustrated notes

Levels and vault maps discovered:
D:1:      erik_arrival_triangle_small, layout_loops_cross
D:2:      layout_loops_corners, hellmonk_ecumenical_altar_run_dry, serial_shops,
          nicolae_shop_advertising_works [nicolae_subvault_shop_adworks],
          basic_altar, hangedman_decor_growths
D:3:      layout_loops_ring, minmay_starry_boxes, uniq_natasha, uniq_terence
D:4:      layout_rooms, minmay_temple_entry_tees,
          nicolae_shop_overcharged_wands, uniq_eustachio, uniq_pikel
D:5:      layout_basic, amcnicky_mini_pool_small, uniq_menkaure, uniq_grinder
D:6:      mumra_celtic_spiral_tile, layout_basic,
          amethyst_overflow_temple_binary, serial_curves, eino_curves_01,
          eino_curves_03, cheibrodos_sewer_entry_bend, palyth_stone_intersect,
          uniq_blork_the_orc, uniq_sigmund
D:7:      kennysheep_housing_project, layout_basic, minmay_the_grid_2x2
          [minmay_the_grid_spin_star, minmay_the_grid_embedded,
          minmay_the_grid_gridbox, minmay_the_grid_prize_trominoes]
Temple:   nicolae_temple_bog_church

Skill      XL: |  1  2  3  4  5  6  7  8  9 10 |
---------------+-------------------------------+-----
Spellcasting   | 5 6 7 |  7.3
Invocations    | 1 2 3 4 5 |  5.7
Fighting       | 1 2 3 4 5 |  5.2
Short Blades   | 1 2 3 4 5 |  5.2
Long Blades    | 1 2 3 4 5 |  5.2
Axes           | 1 2 3 4 5 |  5.2
Maces & Flails | 1 2 3 4 5 |  5.2
Polearms       | 1 2 3 4 5 |  5.2
Staves         | 1 2 3 4 5 |  5.2
Ranged Weapons | 1 2 3 4 5 |  5.2
Throwing       | 1 2 3 4 5 |  5.2
Armour         | 1 2 3 4 5 |  5.2
Shields        | 1 2 3 4 5 |  5.2
Unarmed Combat | 1 2 3 4 5 |  5.2
Evocations     | 1 2 3 4 5 |  5.2
Conjurations   | 1 2 3 4 |  4.3
Hexes          | 1 2 3 4 |  4.3
Summonings     | 1 2 3 4 |  4.3
Necromancy     | 1 2 3 4 |  4.3
Translocations | 1 2 3 4 |  4.3
Transmutations | 1 2 3 4 |  4.3
Fire Magic     | 1 2 3 4 |  4.3
Air Magic      | 1 2 3 4 |  4.3
Earth Magic    | 1 2 3 4 |  4.3
Poison Magic   | 1 2 3 4 |  4.3
Dodging        | 5 6 7 |  7.0
Stealth        | 5 6 |  6.8
Ice Magic      | 8 |  8.4

Action                   |  1- 3 |  4- 6 |  7- 9 | 10-12 || total
-------------------------+-------+-------+-------+-------++-------
Melee: Unarmed           |     8 |       |       |       ||     8
       Bite              |     1 |     2 |     6 |       ||     9
       Short sword       |       |    17 |       |       ||    17
       Rapier            |       |    11 |     4 |       ||    15
       Punch             |       |     1 |       |       ||     1
       Whip              |       |       |    57 |       ||    57
 Cast: Freeze            |    44 |    18 |    26 |       ||    88
       Frozen Ramparts   |     3 |     9 |    24 |     2 ||    38
       Ozocubu's Armour  |     1 |     3 |    12 |     2 ||    18
       Scorch            |       |       |    45 |       ||    45
       Summon Ice Beast  |       |       |     3 |     2 ||     5
  Use: Potion            |       |       |     1 |       ||     1
 Stab: Sleeping          |       |     4 |     2 |       ||     6
       Distracted        |       |       |     1 |       ||     1
Armor: Robe              |     9 |     9 |    19 |       ||    37
Dodge: Dodged            |    30 |    26 |    83 |       ||   139
Block: Buckler           |       |       |    21 |       ||    21

Table legend: (Time is in decaauts)
 A = Elapsed time spent in this place.
 B = Non-inter-level travel time spent in this place.
 C = Inter-level travel time spent in this place.
 D = Time resting spent in this place.
 E = Time spent auto-exploring this place.
 F = Levels seen in this place.
 G = Mean time per level.
                   A        B        C        D        E       F      G
               +--------+--------+--------+--------+--------+-----+--------+
         Total |   7170 |   6968 |    202 |     14 |   6057 |   8 |  896.2 |
       Dungeon |   6959 |   6780 |    179 |     14 |   5889 |   7 |  994.1 |
        Temple |    211 |    188 |     23 |      0 |    168 |   1 |  211.0 |
               +--------+--------+--------+--------+--------+-----+--------+

Top non-repeatable levels by time:
     D:6: 1593 daAuts
     D:5: 1257 daAuts
     D:3: 1119 daAuts
     D:2: 1077 daAuts
     D:4: 869 daAuts
     D:1: 847 daAuts
  Temple: 211 daAuts
     D:7: 195 daAuts
